 Dungeon Crawl Stone Soup version 0.17-a0-1596-g1e86911 (console) character file.

58 lauthentik the Vexing (level 3, 0/24 HPs)
             Began as a Vampire Enchanter on July 30, 2015.
             Succumbed to an adder's poison
             ... on level 2 of the Dungeon.
             The game lasted 00:04:52 (812 turns).

lauthentik the Vexing (Vampire Enchanter)            Turns: 812, Time: 00:04:53

Health: 0/24       AC:  4    Str:  7    XL:     3   Next: 75%
Magic:  1/6        EV: 19    Int: 18    God:
Gold:   105        SH:  0    Dex: 19    Spells: 2 memorised, 3 levels left

rFire  . . .     SeeInvis +     a - +1 dagger
rCold  + . .     Clarity  .     b - +1 robe
rNeg   + + .     SustAt   .     (no shield)
rPois  +         Gourm    .     (no helmet)
rElec  .         Spirit   .     (no cloak)
rCorr  .         Warding  .     l - +0 pair of gloves
rMut   .         Stasis   .     (no boots)
MR     .....                    (no amulet)
Stlth  +++++.....               (no ring)
                                (no ring)

@: agile, lethally poisoned (0 -> -10), very slightly contaminated, regenerating
slowly, not resistant to hostile enchantments, quite stealthy
A: fangs 3, see invisible, unbreathing
a: Bat Form


You were on level 2 of the Dungeon.
You were thirsty.

You visited 1 branch of the dungeon, and saw 2 of its levels.

You collected 105 gold pieces.

Inventory:

Hand weapons
 a - a +1 dagger (weapon)
Armour
 b - a +1 robe (worn)
 l - a +0 pair of gloves (worn)
 m - a +0 cloak
Scrolls
 e - a scroll of random uselessness {unknown}
 g - a scroll of teleportation {unknown}
 h - a scroll of identify {unknown}
 j - a scroll of remove curse {unknown}
Potions
 d - a potion of blood
 i - a potion of curing {unknown}
 k - a potion of ambrosia {unknown}
Books
 c - a book of Maledictions

   Spells                             Type                      Level
   a - Corona                         Hexes                        1
   b - Ensorcelled Hibernation        Hexes/Ice                    2
   c - Confuse                        Hexes                        3
   d - Tukima's Dance                 Hexes                        3
   e - Dazzling Spray                 Conjuration/Hexes            3


   Skills:
 + Level 1.4 Short Blades
 + Level 2.8 Dodging
 + Level 5.3 Stealth
 + Level 2.3 Spellcasting
 + Level 5.3 Hexes


You had 3 spell levels left.
You knew the following spells:

 Your Spells              Type           Power        Failure   Level  Hunger
a - Ensorcelled Hibernat  Hex/Ice        ##....       12%         2    ##.....
b - Corona                Hex            ###....      1%          1    #......


Dungeon Overview and Level Annotations

Branches:
Dungeon (2/15)

Altars:


Innate Abilities, Weirdness & Mutations

You heal slowly.
You have razor-sharp teeth.
You have supernaturally acute eyesight.
You can survive without breathing.


Message History

Press: ? - help, Shift-Dir - straight line, f/p - jackal
Aim: a jackal (lightly wounded, chance to defeat MR: 60%)
You miscast Ensorcelled Hibernation.
You feel uncomfortably cold.
* * * LOW HITPOINT WARNING * * *
You feel sick. The jackal misses you. The adder closely misses you.
Casting: Ensorcelled Hibernation
Confirm with . or Enter, or press ? or * to list all spells.
You don't have enough magic to cast that spell.
You hit the adder. You bite the adder, but do no damage.
The adder is moderately wounded.
The jackal bites you but does no damage.
The adder barely misses you.
You hit the adder but do no damage.
The adder is moderately wounded.
The jackal barely misses you. The adder completely misses you.
The jackal bites you but does no damage.
Drink which item? (? for menu, Esc to quit)
It was a potion of agility.
You feel agile all of a sudden.
You die...

##.....#
########?...#.#
.............#.#
....#####...##.###.#
... ##...gw....#
..$. #g###.###.#
..... #.# ##
.....b####.#.#
....hhh@S....#
(...######.#.# .
#.##.# #.# #.# #.l
... ### ... .#


You could see an adder, 3 jackals and a bat.

Vanquished Creatures
  2 adders (D:2)
  An ooze (D:1)
  A worm (D:2)
  A giant gecko (D:2)
  5 bats
  2 giant cockroaches (D:1)
  5 goblins
  3 hobgoblins
  2 giant newts (D:1)
  5 kobolds
  4 rats
31 creatures vanquished.

Notes
Turn   | Place    | Note
--------------------------------------------------------------
     0 | D:1      | lauthentik the Vampire Enchanter began the quest for the Orb.
     0 | D:1      | Reached XP level 1. HP: 13/13 MP: 3/3
   131 | D:1      | Reached XP level 2. HP: 17/19 MP: 5/5
   169 | D:1      | Reached skill level 5 in Hexes
   174 | D:1      | Learned a level 2 spell: Ensorcelled Hibernation
   574 | D:2      | Reached XP level 3. HP: 24/24 MP: 6/6
   645 | D:2      | Reached skill level 5 in Stealth
   809 | D:2      | HP: 1/24 [poisoned by an adder]
   812 | D:2      | Succumbed to an adder's poison

Vault maps used:
D:1:      ncdulo_wetmaze

Action                   || total
-------------------------++-------
Melee: Dagger            ||    89
 Cast: Ensorcelled Hiber ||    10
  Use: Potion            ||     1
 Stab: Sleeping          ||    16
